 Dungeon Crawl Stone Soup version 0.21-a0-348-ga060c75 (webtiles) character file.

3085 EvilAshe the Covert (level 9, 0/68 HPs)
             Began as a Naga Enchanter on Oct 5, 2017.
             Was a Follower of Sif Muna.
             Slain by a two-headed ogre
             ... wielding a +0 giant club
              (3 damage)
             ... on level 7 of the Dungeon on Oct 6, 2017.
             The game lasted 00:33:59 (8936 turns).

EvilAshe the Covert (Naga Enchanter)                Turns: 8936, Time: 00:33:59

Health: 0/68       AC:  7    Str: 10    XL:     9   Next: 89%
Magic:  13/13      EV:  1    Int: 18    God:    Sif Muna [*.....]
Gold:   389        SH:  0    Dex: 13    Spells: 8/14 levels left

rFire    . . .     SeeInvis +   H - +1 dagger (elec)
rCold    . . .     Gourm    .   (no shield)
rNeg     + + +     Faith    .   i - +0 robe
rPois    ∞         Spirit   .   h - +0 helmet
rElec    .         Reflect  +   z - scarf {repulsion}
rCorr    .         Harm     .   l - +1 pair of gloves
MR       +....                  (no barding)
Stlth    ++++......             j - +2 amulet of reflection
HPRegen  0.21/turn              (no ring)
MPRegen  0.13/turn              (no ring)

@: petrified, heavily drained, repel missiles, very slow
A: see invisible, deformed body, poison resistance, slowness 2, slow metabolism
1, spit poison 1, AC +3
a: Spit Poison, Divine Energy, Renounce Religion


You were on level 7 of the Dungeon.
You worshipped Sif Muna.
Sif Muna was aware of your devotion.
You were very hungry.

You visited 1 branch of the dungeon, and saw 8 of its levels.

You collected 389 gold pieces.

Inventory:

Hand Weapons
 a - a +0 dagger of flaming
 b - a +2 short sword of draining
 w - a +1 dagger
 H - a +1 dagger of electrocution (weapon)
Missiles
 e - 219 stones (quivered)
Armour
 f - a scarf of cloud immunity
 h - a +0 helmet (worn)
 i - a +0 robe (worn)
 l - a +1 pair of gloves (worn)
 z - a scarf of repulsion (worn)
Jewellery
 j - a +2 amulet of reflection (around neck)
 t - an uncursed ring of fire {unknown}
 v - a cursed -3 ring of protection {unknown}
 A - a +5 ring of strength {unknown}
Wands
 p - a wand of flame (6/48)
Scrolls
 k - 3 scrolls of immolation
 n - 2 scrolls of enchant weapon {unknown}
 o - 4 scrolls of teleportation
 q - a scroll of fear {unknown}
 u - a scroll of magic mapping {unknown}
 x - a scroll of blinking {unknown}
 y - a scroll of enchant armour
 I - a scroll of fog {unknown}
 J - a scroll of remove curse {unknown}
 K - a scroll of random uselessness {unknown}
Potions
 r - 3 potions of brilliance
 s - 2 potions of flight
 B - a potion of agility
 E - a potion of cancellation {unknown}
 F - a potion of berserk rage {unknown}
 G - 2 potions of curing
Books
 c - a book of Maledictions

   Spells                             Type                      Level
   a - Corona                         Hexes                        1
   b - Ensorcelled Hibernation        Hexes/Ice                    2
   c - Confuse                        Hexes                        3
   d - Tukima's Dance                 Hexes                        3
   e - Dazzling Spray                 Conjuration/Hexes            3
Comestibles
 d - 6 bread rations
 g - 7 fruits
 m - a royal jelly
 C - 4 meat rations


   Skills:
 + Level 6.0(4.7) Short Blades
 - Level 1.5(0.4) Dodging
 + Level 10.3(8.9) Stealth
 - Level 3.1(1.9) Spellcasting
 * Level 9.1(7.7) Hexes
 - Level 5.0(3.7) Ice Magic


You had 8 spell levels left.
You knew the following spells:

 Your Spells              Type           Power        Failure   Level  Hunger
a - Corona                Hex            ####...      1%          1    #......
c - Confuse               Hex            ####....     2%          3    ###....
s - Ensorcelled Hibernat  Hex/Ice        ###...       2%          2    ###....


Dungeon Overview and Level Annotations

Branches:
Dungeon (8/15)             Temple (0/1) D:5            Lair (0/6) D:8

Altars:
Cheibriados
Elyvilon
Gozag
Ru
Sif Muna
Uskayaw
Xom
The Shining One

Shops:
D:5 :}*   D:6 =   D:7 }


Innate Abilities, Weirdness & Mutations

You cannot wear boots.
Your serpentine skin is tough. (AC +3)
You have supernaturally acute eyesight. (SInv)
Armour fits poorly on your strangely shaped body.
Your system is resistant to poisons. (rPois)
You cover ground very slowly.
You have a slow metabolism.
You can spit poison.


Message History

The jackal bites you but does no damage.
The two-headed ogre hits you with a giant club.
The two-headed ogre hits you with a giant spiked club!
* * * LOW HITPOINT WARNING * * *
The jackal bites you but does no damage.
The yak gores you but does no damage. The yak gores you!
* * * LOW HITPOINT WARNING * * *
The jackal bites you but does no damage.
The yak gores you.
* * * LOW HITPOINT WARNING * * *
The two-headed ogre hits you but does no damage.
The two-headed ogre hits you with a giant spiked club!
* * * LOW HITPOINT WARNING * * *
The yak gores you!
* * * LOW HITPOINT WARNING * * *
The jackal bites you.
The yak gores you but does no damage. x2
The jackal bites you.
* * * LOW HITPOINT WARNING * * *
The two-headed ogre hits you with a giant club.
You die...

#...# #.......# #.# ####...#
#.......# #.# .......#
#.......# #.# [......#
#.......# #.# .......###
#.......# #.#
.........#######.......# #.#
...................)...# #.#
.........#######YY.....####.#
.........'.....h@O..........#
.........####################
#####....# .[.##.#### ##.##.#
<#(##.# .#.##.# ...##.#
.####.#


You could see a two-headed ogre, 2 yaks and a jackal.

Vanquished Creatures
  The ghost of gorpus the Magician, a novice DEIE (D:4)
  A hippogriff (D:7)
  A water moccasin (D:7)
  A sky beast (D:6)
  An ice beast (D:5)
  2 ogres
  A phantom (D:6)
  2 centaurs
  A crocodile (D:8)
  The ghost of gorpus the Magician, an amateur DEIE (D:3)
  8 bullfrogs
  A scorpion (D:7)
  3 killer bees
  7 wights
  A crimson imp (D:4)
  A centaur skeleton (D:4)
  A centaur zombie (D:5)
  2 hounds (D:4)
  Crazy Yiuf (D:2)
  A jelly (D:6)
  2 orc priests
  4 worker ants
  An iguana (D:8)
  11 orc wizards
  A hound skeleton (D:7)
  A worker ant zombie (D:7)
  5 adders
  3 shadow imps
  An ooze (D:5)
  An adder skeleton (D:6)
  A dart slug (D:3)
  8 leopard geckos
  23 orcs
  A ball python (D:3)
  A giant cockroach (D:5)
  4 goblins
  2 hobgoblins
  12 jackals
  3 kobolds
  A quokka (D:3)
  6 bats
  A frilled lizard (D:5)
  A jackal skeleton (D:6)
  A leopard gecko skeleton (D:5)
  12 rats
145 creatures vanquished.

Notes
Turn   | Place    | Note
-------+----------+-------------------------------------------
     0 | D:1      | EvilAshe the Naga Enchanter began the quest for the Orb.
     0 | D:1      | Reached XP level 1. HP: 15/15 MP: 3/3
   328 | D:1      | Reached XP level 2. HP: 22/22 MP: 5/5
   332 | D:1      | Learned a level 2 spell: Ensorcelled Hibernation
  1317 | D:2      | Found a white marble altar of Elyvilon.
  1559 | D:2      | Found a shimmering altar of Xom.
  1821 | D:2      | Found a runed door.
  1825 | D:2      | Noticed Crazy Yiuf
  1830 | D:2      | Killed Crazy Yiuf
  1830 | D:2      | Reached skill level 1 in Ice Magic
  1830 | D:2      | Reached XP level 3. HP: 28/28 MP: 6/6
  2216 | D:2      | Learned a level 3 spell: Confuse
  2236 | D:3      | Found a snail-covered altar of Cheibriados.
  2388 | D:3      | Reached XP level 4. HP: 33/36 MP: 7/7
  2398 | D:3      | Reached skill level 5 in Stealth
  2598 | D:3      | Noticed gorpus's ghost (amateur DEIE)
  2838 | D:4      | Reached XP level 5. HP: 9/42 MP: 2/8
  3390 | D:4      | Found a glowing golden altar of the Shining One.
  3440 | D:4      | Noticed gorpus's ghost (novice DEIE)
  3542 | D:3      | Killed gorpus's ghost
  3542 | D:3      | Reached XP level 6. HP: 49/49 MP: 7/10
  3682 | D:3      | Found a snail-covered altar of Cheibriados.
  4049 | D:4      | Reached skill level 6 in Stealth
  4062 | D:4      | HP: 2/49 [orc/flail of distortion (5)]
  4536 | D:4      | Reached skill level 5 in Hexes
  4625 | D:4      | Killed gorpus's ghost
  4625 | D:4      | Reached XP level 7. HP: 19/55 MP: 2/11
  5191 | D:4      | Reached skill level 7 in Stealth
  5485 | D:5      | Entered Level 5 of the Dungeon
  5683 | D:5      | Reached XP level 8. HP: 62/62 MP: 9/12
  5931 | D:5      | Found Divis's Book Shoppe.
  5984 | D:5      | Found Temun's Gadget Boutique.
  5995 | D:5      | Found a sacrificial altar of Ru.
  6181 | D:5      | Found a staircase to the Ecumenical Temple.
  6186 | D:5      | Found a deep blue altar of Sif Muna.
  6190 | D:5      | Became a worshipper of Sif Muna the Loreminder
  6394 | D:4      | Reached skill level 8 in Stealth
  6561 | D:5      | Found Ycunneat's General Store.
  6721 | D:6      | Found an opulent altar of Gozag.
  6853 | D:6      | Found Hoomnol's Jewellery Shop.
  6890 | D:6      | Found a hide-covered altar of Uskayaw.
  7149 | D:6      | Reached XP level 9. HP: 52/68 MP: 1/13
  7307 | D:7      | Reached skill level 9 in Stealth
  7326 | D:6      | Reached skill level 5 in Short Blades
  7581 | D:7      | Reached * piety under Sif Muna
  7632 | D:7      | Reached skill level 5 in Ice Magic
  8298 | D:7      | Found Opyfod's Gadget Boutique.
  8328 | D:8      | Reached skill level 10 in Stealth
  8579 | D:7      | HP: 2/68 [wight/enchanted morningstar (2)]
  8925 | D:8      | Found a staircase to the Lair.
  8927 | D:8      | Noticed a two-headed ogre
  8934 | D:7      | HP: 3/68 [yak (3)]
  8936 | D:7      | Slain by a two-headed ogre

Vault maps used:
D:1:      evilmike_arrival_grusome_pit
D:2:      lemuel_round_altar, lemuel_crystal_altar, serial_corexii_hall,
          corexii_hall_statues_x, corexii_hall_statues_s, chequers_big_river,
          minmay_misc_feat_room, uniq_crazy_yiuf_cottage
D:3:      overflow_temple_1_default, kennysheep_slug_shrine
D:4:      lemuel_crystal_altar, first_bread, st_stairs_13
D:5:      nicolae_ru_great_annihilating_truth, led_sif_book,
          minmay_temple_entry_from_below_b, serial_shops, shop,
          nicolae_shop_temple_entry_statues_fountains, shop
D:6:      grunt_gozag_breadcrumbs, lemuel_coloured_pillars_altar, serial_shops,
          nicolae_shop_stone
D:7:      serial_shops, kennysheep_mini_moat
D:8:      yredelemnul_forgotten_temple_becter,
          nemelex_xobeh_ov_fountains_minmay, minmay_lair_entry_grove

Skill      XL: |  1  2  3  4  5  6  7  8  9 |
---------------+----------------------------+-----
Ice Magic      | 1 2 3 4 5 |  5.0
Stealth        | 5 6 7 8 10 | 10.3
Short Blades   | 2 3 4 6 |  6.0
Hexes          | 4 5 6 7 9 |  9.1
Spellcasting   | 3 |  3.1
Dodging        | |  1.5

Action                   |  1- 3 |  4- 6 |  7- 9 || total
-------------------------+-------+-------+-------++-------
Melee: Dagger            |    37 |    76 |   162 ||   275
       Short sword       |    22 |    33 |    17 ||    72
Throw: Stone             |     1 |     3 |     4 ||     8
 Cast: Ensorcelled Hiber |     6 |    20 |    62 ||    88
       Confuse           |       |    12 |    32 ||    44
       Corona            |       |     1 |       ||     1
 Abil: Spit Poison       |     5 |    11 |     6 ||    22
Evoke: Wand              |       |     5 |     1 ||     6
  Use: Scroll            |       |     5 |     6 ||    11
       Potion            |       |     1 |       ||     1
 Stab: Sleeping          |    12 |    21 |    47 ||    80
       Confused          |       |     4 |    12 ||    16
       Distracted        |       |       |     1 ||     1
       Paralysed         |       |       |     1 ||     1
  Eat: Chunk             |     4 |     7 |    17 ||    28
       Fruit             |       |     1 |       ||     1
Armor: Robe              |    25 |    42 |    61 ||   128
Dodge: Dodged            |    33 |    62 |    72 ||   167
       Deflected         |       |     1 |     4 ||     5
Block: Other             |       |       |    13 ||    13

Table legend:
 A = Spawn XP
 B = Non-spawn XP
 C = Spawn XP percentage of total XP
 D = Spawn monster count
 E = Non-spawn monster count
 F = Spawn count percentage of total count
 G = Total turns spent on level
                    A         B        C        D         E        F      G
               +---------+---------+-------+---------+---------+-------+---------
         Total |       0 |    4408 |   0.0 |       0 |     145 |   0.0 |  8936
               +---------+---------+-------+---------+---------+-------+---------
           D:1 |       0 |      21 |   0.0 |       0 |      13 |   0.0 |   968
           D:2 |       0 |      52 |   0.0 |       0 |       7 |   0.0 |  1250
           D:3 |       0 |     175 |   0.0 |       0 |      21 |   0.0 |   872
           D:4 |       0 |    1029 |   0.0 |       0 |      36 |   0.0 |  2478
           D:5 |       0 |     528 |   0.0 |       0 |      21 |   0.0 |  1095
           D:6 |       0 |     676 |   0.0 |       0 |      12 |   0.0 |   779
           D:7 |       0 |    1539 |   0.0 |       0 |      27 |   0.0 |  1442
           D:8 |       0 |     388 |   0.0 |       0 |       8 |   0.0 |    52
               +---------+---------+-------+---------+---------+-------+---------
